 Dungeon Crawl Stone Soup version 0.28-a0-577-gb193047a1f (webtiles) character file.

Game seed: 4824038467961187205

3083 robertstho the Thaumaturge (level 10, -1/67 HPs)
             Began as a Djinni Fire Elementalist on Oct 1, 2021.
             Killed from afar by a gargoyle (30 damage)
             ... with a stone arrow
             ... on level 7 of the Dungeon.
             The game lasted 00:09:12 (8880 turns).

robertstho the Thaumaturge (DjFE)                   Turns: 8880, Time: 00:09:14

Health: -1/67      AC:  4    Str:  7    XL:     10   Next: 12%
Gold:   369        EV: 15    Int: 21    God:
                   SH:  5    Dex: 13

rFire   + + .      SeeInvis .   q - +2 whip (venom)
rCold   x . .      Faith    .   z - +2 buckler
rNeg    . . .      Spirit   .   a - +0 robe
rPois   ∞          Reflect  .   w - +0 helmet
rElec   .          Harm     .   o - +0 cloak
rCorr   .          Rampage  .   (no gloves)
Will    +....                   (boots unavailable)
Stlth   ++........              (no amulet)
HPRegen 0.21/turn               y - +4 ring of slaying
MPRegen 0.00/turn               u - +4 ring of evasion

@: flying
A: sickness immunity, fire resistance 2, cold vulnerability 1, float, innate
caster, hp casting, extra vitality 1
a: no special abilities


You were on level 7 of the Dungeon.
You visited 1 branch of the dungeon, and saw 7 of its levels.
You also visited: Sewer.

You collected 369 gold pieces.

Inventory:

Hand Weapons
 e - a +0 short sword
 n - a +0 hand axe of draining
 q - a +2 whip of venom (weapon)
Armour
 a - a +0 robe (worn)
 o - a +0 cloak (worn)
 w - a +0 helmet (worn)
 z - a +2 buckler (worn)
Jewellery
 m - a ring of resist corrosion
 u - a +4 ring of evasion (right hand)
 x - a ring of fire
 y - a +4 ring of slaying (left hand)
Scrolls
 b - a scroll of fog
 d - 2 scrolls of enchant armour
 f - a scroll of summoning
 h - 3 scrolls of enchant weapon
 i - 3 scrolls of teleportation
 j - 3 scrolls of fear
 k - a scroll of holy word
 r - a scroll of magic mapping
 v - a scroll of identify
Potions
 c - 5 potions of flight {unknown}
 g - a potion of might {unknown}
 p - a potion of brilliance {unknown}
 s - 2 potions of curing {unknown}
 t - a potion of cancellation {unknown}


   Skills:
 * Level 4.1 Fighting
 + Level 0.2 Maces & Flails
 + Level 2.6 Dodging
 + Level 3.0 Stealth
 * Level 9.8 Spellcasting


You had 6 spell levels left.
You knew the following spells:

 Your Spells              Type           Power      Damage    Failure   Level
a - Foxfire               Conj/Fire      100%       2x1d9     1%          1
b - Scorch                Fire           100%       2d10      1%          2
c - Conjure Flame         Conj/Fire      51%        6-21      1%          3
d - Inner Flame           Hex/Fire       51%        N/A       1%          3
e - Flame Wave            Conj/Fire      51%        3d10      1%          4
f - Magic Dart            Conj           100%       1d8       1%          1
g - Slow                  Hex            51%        N/A       1%          2
h - Gell's Gravitas       Tloc           25%        N/A       1%          3
i - Portal Projectile     Hex/Tloc       100%       N/A       1%          3
Your spell library was empty.

Dungeon Overview and Level Annotations

Branches:
Dungeon (7/15)              Sewer (visited)
 Temple: D:4-7

Altars:
Trog
Zin

Shops:
D:5 (


Innate Abilities, Weirdness & Mutations

You are immune to sickness and miasma.
You are immune to poison.
Your flesh is very heat resistant. (rF++)
You are vulnerable to cold. (rC-)
You float through the air rather than walking.
You learn spells naturally, not from books.
Your magical power is your life essence.
You have superior vitality. (+4 HP)


Message History

There is a stone staircase leading up here.
You fly upwards.
There is a stone staircase leading down here.
You reach down and open the door.
There is an open door here.
There is a stone staircase leading down here.
You start resting.
HP restored.
Casting: Flame Wave (dangerous; 1% risk of failure)
Confirm with . or Enter, or press ? or * to list all spells.
Okay, then.
You're wearing all the rings you can.
Remove which one? (? for menu, Esc to cancel) < or
m - a ring of resist corrosion; > or
u - a +4 ring of evasion You remove your ring of resist corrosion.
y - a +4 ring of slaying (left hand)
You fly downwards.
The gargoyle hurls a stone arrow at you.
You block the stone arrow.
Found an escape hatch in the ceiling.
There is a stone staircase leading up here.
Casting: Flame Wave (dangerous; 1% risk of failure)
Confirm with . or Enter, or press ? or * to list all spells.
Casting: Flame Wave (dangerous; 1% risk of failure)
Press: ? - help, Dir - look around, f - activate A wave of flame ripples out!
The flame wave engulfs the gargoyle but does no damage. (Press . to intensify the flame waves.)
You hear a bellow!
You hear a roar!
The gargoyle hits you with a +0 flail!
A wave of flame ripples out!
The flame wave engulfs the gargoyle but does no damage.
The gargoyle hits you with a +0 flail!!
A wave of flame ripples out!
The flame wave engulfs the gargoyle!
The gargoyle is moderately damaged.
You finish channelling waves of flame.
You hear a shout! x2
The gargoyle hurls a stone arrow at you.
The stone arrow hits you!!
You die...

.#. #.Z .#.. #.9
... ###.# ... #
.nJ. # .. .#
##[#####.# ##.###.
.u........ .....
..........###.#.9#
#.........Z.....@#
.....(...###.....#
.........##......#
.#.......<......##
.###............
.#####..........
u..###.........<
...#...#####.#.#
...#...#


You could see a gargoyle and a bullfrog skeleton.

Vanquished Creatures
  An ugly thing (D:6)
  A centaur zombie (D:6)
  A troll (D:7)
  A steam dragon (D:7)
  Edmund (D:6)
  A water moccasin (Sewer)
  An ice beast (D:7)
  2 centaurs
  A phantom (D:4)
  An ogre (D:5)
  2 bullfrogs
  3 scorpions
  A wyvern skeleton (D:6)
  4 electric eels (D:6)
  A bullfrog zombie (D:5)
  6 hounds
  3 jellies
  2 gnoll shamans
  3 orc priests
  3 bullfrog skeletons
  A hound zombie (D:5)
  A hound skeleton (D:4)
  11 adders
  9 gnolls
  A shadow imp (D:5)
  2 ufetubi
  6 worms
  3 dart slugs
  5 orcs
  9 bats
  9 endoplasms
  3 giant cockroaches
  9 goblins
  7 hobgoblins
  5 jackals
  A quokka (D:1)
  3 ball pythons
  2 frilled lizards
  9 kobolds
  13 rats
148 creatures vanquished.

Vanquished Creatures (collateral kills)
  10 foxfires (D:6)
10 creatures vanquished.

Vanquished Creatures (others)
  496 foxfires
  5 plants (D:6)
501 creatures vanquished.

Grand Total: 659 creatures vanquished

Notes
Turn   | Place    | Note
-------+----------+-------------------------------------------
     0 | D:1      | robertstho the Djinni Fire Elementalist began the quest for
                  | the Orb.
     0 | D:1      | Reached XP level 1. HP: 15/15 MP: 0/0
   544 | D:1      | Reached XP level 2. HP: 18/21 MP: 0/0
  1028 | D:1      | Reached skill level 3 in Spellcasting
  1160 | D:1      | Found a faded altar of an unknown god.
  1208 | D:1      | Reached XP level 3. HP: 25/26 MP: 0/0
  1208 | D:1      | Learned a level 1 spell: Magic Dart
  2013 | D:2      | Reached XP level 4. HP: 28/31 MP: 0/0
  3017 | D:3      | Found a glowing drain.
  3032 | Sewer    | Entered a sewer
  3341 | Sewer    | Noticed a water moccasin
  3349 | Sewer    | Killed a water moccasin
  3350 | Sewer    | Reached skill level 1 in Fighting
  3350 | Sewer    | Reached skill level 4 in Spellcasting
  3350 | Sewer    | Reached XP level 5. HP: 31/37 MP: 0/0
  3350 | Sewer    | Learned a level 2 spell: Slow
  3350 | Sewer    | Reached XP level 6. HP: 35/42 MP: 0/0
  4403 | D:4      | Reached skill level 5 in Spellcasting
  4591 | D:4      | Found a bloodstained altar of Trog.
  4591 | D:4      | Found a glowing silver altar of Zin.
  4606 | D:4      | Reached XP level 7. HP: 41/48 MP: 0/0
  4606 | D:4      | Learned a level 3 spell: Gell's Gravitas
  5169 | D:4      | Reached skill level 6 in Spellcasting
  5338 | D:4      | Reached XP level 8. HP: 52/55 MP: 0/0
  5766 | D:5      | Entered Level 5 of the Dungeon
  6146 | D:5      | Found Osaanli's Antique Weapon Emporium.
  6154 | D:5      | Reached skill level 7 in Spellcasting
  6755 | D:6      | Reached XP level 9. HP: 39/60 MP: 0/0
  6755 | D:6      | Learned a level 3 spell: Portal Projectile
  6918 | D:6      | Noticed a purple ugly thing
  6924 | D:6      | Killed a purple ugly thing
  6925 | D:6      | Reached skill level 8 in Spellcasting
  7502 | D:6      | Reached skill level 9 in Spellcasting
  7896 | D:6      | Noticed Edmund
  7907 | D:6      | Killed Edmund
  8597 | D:7      | Noticed a white ugly thing
  8598 | D:7      | Noticed a troll
  8599 | D:7      | Noticed a slime creature
  8601 | D:7      | Reached XP level 10. HP: 56/67 MP: 0/0
  8602 | D:7      | Noticed a gargoyle
  8880 | D:7      | Killed from afar by a gargoyle

Illustrated notes

Levels and vault maps discovered:
D:1:      onia_arrival_mini_maze_b, layout_basic,
          shapermc_ecumenical_altar_mp_ritualfount
D:2:      layout_basic, minmay_misc_feat_more_columns, minmay_misc_feat_chi,
          st_stairs_12, skrybe_limestone_x, chequers_serial_rivers_marsh
D:3:      kennysheep_big_flooded_room, layout_rooms,
          cheibrodos_sewer_entry_drain, minmay_misc_feat_square,
          minmay_misc_feat_rugged, minmay_unequal
D:4:      layout_cave_pools, jmf_multi_god_temple, kennysheep_generic_room_6
D:5:      layout_rooms, serial_shops, nicolae_diamond_shop, minivault_5,
          grunt_ministairs_6
D:6:      layout_loops_corners, serial_bayou, serial_bayou_shore_b,
          serial_bayou_pond_a, serial_bayou_lake_a, serial_bayou_shore_a,
          uniq_edmund
D:7:      minmay_the_grid_square_5x5_3x3 [minmay_the_grid_square_5x5_detours,
          minmay_the_grid_square_5x5_plus,
          minmay_the_grid_square_5x5_sharp_hourglass,
          minmay_the_grid_square_5x5_inner_z,
          minmay_the_grid_square_5x5_megaprize_checkered,
          minmay_the_grid_square_5x5_beaten_path,
          minmay_the_grid_square_5x5_hollow_slash,
          minmay_the_grid_square_5x5_trominoes,
          minmay_the_grid_square_5x5_empty], layout_cave_pools,
          temple_fountains, serial_shops, kennysheep_mini_moat,
          grunt_ministairs_6, uniq_menkaure, uniq_pikel

Skill      XL: |  1  2  3  4  5  6  7  8  9 10 |
---------------+-------------------------------+-----
Spellcasting   | 3 4 5 6 7 9 |  9.8
Fighting       | 1 2 3 4 |  4.1
Stealth        | 2 3 |  3.0
Maces & Flails | |  0.2
Dodging        | |  2.6

Action                   |  1- 3 |  4- 6 |  7- 9 | 10-12 || total
-------------------------+-------+-------+-------+-------++-------
Melee: Short sword       |       |     3 |       |       ||     3
       Whip              |       |       |     3 |       ||     3
 Cast: Foxfire           |   102 |   109 |    83 |       ||   294
       Scorch            |       |    18 |    82 |       ||   100
       Flame Wave        |       |       |     5 |     2 ||     7
  Use: Scroll            |       |     6 |     5 |     1 ||    12
Armor: Robe              |       |     3 |     8 |       ||    11
Dodge: Dodged            |     5 |    12 |    37 |       ||    54
Block: Buckler           |       |       |       |     1 ||     1

Table legend: (Time is in decaauts)
 A = Elapsed time spent in this place.
 B = Non-inter-level travel time spent in this place.
 C = Inter-level travel time spent in this place.
 D = Time resting spent in this place.
 E = Time spent auto-exploring this place.
 F = Levels seen in this place.
 G = Mean time per level.
                   A        B        C        D        E       F      G
               +--------+--------+--------+--------+--------+-----+--------+
         Total |   8878 |   8695 |    183 |    361 |   7413 |   8 | 1109.8 |
       Dungeon |   8466 |   8283 |    183 |    361 |   7043 |   7 | 1209.4 |
         Sewer |    411 |    411 |      0 |      0 |    370 |   1 |  411.0 |
               +--------+--------+--------+--------+--------+-----+--------+

Top non-repeatable levels by time:
     D:6: 2096 daAuts
     D:1: 1412 daAuts
     D:4: 1374 daAuts
     D:3: 1327 daAuts
     D:2: 1237 daAuts
     D:5: 961 daAuts
   Sewer: 411 daAuts
     D:7: 56 daAuts
